 Dungeon Crawl Stone Soup version 0.21-a0-442-g848f44b (webtiles) character file.

43 Coron the Skirmisher (level 3, -1/49 HPs)
             Began as a Minotaur Berserker on Nov 12, 2017.
             Was a Follower of Trog.
             Slain by Terence
             ... wielding a +2 mace of protection
              (8 damage)
             ... on level 2 of the Dungeon.
             The game lasted 00:02:28 (1518 turns).

Coron the Skirmisher (Minotaur Berserker)           Turns: 1518, Time: 00:02:29

Health: -1/49      AC:  7    Str: 27    XL:     3   Next: 37%
Magic:  2/2        EV: 11    Int:  4    God:    Trog [*.....]
Gold:   58         SH:  0    Dex:  9    Spells: 2/2 levels left

rFire    . . .     SeeInvis .   a - +0 hand axe
rCold    . . .     Gourm    .   (no shield)
rNeg     . . .     Faith    .   f - +0 ring mail
rPois    .         Spirit   .   (helmet restricted)
rElec    .         Reflect  .   (no cloak)
rCorr    .         Harm     .   (no gloves)
MR       .....                  k - +0 pair of boots
Stlth    ..........             (no amulet)
HPRegen  0.16/turn              (no ring)
MPRegen  0.08/turn              (no ring)

@: berserking, very quick
A: retaliatory headbutt, horns 2
a: Berserk, Burn Spellbooks, Renounce Religion


You were on level 2 of the Dungeon.
You worshipped Trog.
Trog was aware of your devotion.
You were hungry.

You visited 1 branch of the dungeon, and saw 2 of its levels.

You collected 58 gold pieces.

Inventory:

Hand Weapons
 a - a +0 hand axe (weapon)
Missiles
 l - 7 tomahawks (quivered)
Armour
 b - a +0 animal skin
 f - a +0 ring mail (worn)
 k - a +0 pair of boots (worn)
 m - a +0 scale mail
Scrolls
 d - a scroll of fog {unknown}
 n - 3 scrolls of teleportation
 o - 2 scrolls of identify {unknown}
Potions
 e - a potion of resistance {unknown}
 h - a potion of curing {unknown}
 i - a potion of heal wounds {unknown}
 p - a potion of might {unknown}
Comestibles
 c - 3 bread rations
 g - 2 chunks of flesh
 j - 2 meat rations


   Skills:
 - Level 4.0 Fighting
 - Level 4.0 Axes
 + Level 3.9 Armour
 - Level 2.3 Dodging


You had 2 spell levels left.
You didn't know any spells.

Dungeon Overview and Level Annotations

Branches:
Dungeon (2/15)

Altars:

Annotations:
D:2 Terence


Innate Abilities, Weirdness & Mutations

You reflexively headbutt those who attack you in melee.
You have a pair of horns on your head.


Message History

Terence is almost dead.
Terence hits you with a mace of protection.
You hit Terence but do no damage.
Terence is almost dead.
Terence hits you but does no damage.
You hit Terence but do no damage.
Terence is almost dead.
Terence hits you with a mace of protection.
You barely miss Terence. Your headbutt misses Terence.
Terence is almost dead.
Terence hits you with a mace of protection.
You hit Terence but do no damage.
Terence is almost dead.
Terence hits you with a mace of protection.
* * * LOW HITPOINT WARNING * * *
A red film seems to cover your vision as you go berserk!
You feel yourself moving faster!
You feel mighty!
You are feeling hungry.
Terence hits you with a mace of protection!
You die...

#######.###
#.##########
#..##.#...........
##.##.#.##########
#.(#.....#
#......#'###
#.....<....#
#..........#
#..........+
#...##...@.# #.#.
#....@#
.............
#..#.#......)
#..#.#.......# #.
..#..####.# ..
...# ... .# ...#
##


You could see Terence.

Vanquished Creatures
  An adder (D:2)
  2 worms (D:2)
  2 dart slugs (D:1)
  A ball python (D:1)
  4 bats
  3 giant cockroaches
  3 goblins
  A hobgoblin (D:1)
  A quokka (D:2)
  2 frilled lizards
  A kobold (D:1)
  3 rats
24 creatures vanquished.

Notes
Turn   | Place    | Note
-------+----------+-------------------------------------------
     0 | D:1      | Coron the Minotaur Berserker began the quest for the Orb.
     0 | D:1      | Reached XP level 1. HP: 19/19 MP: 0/0
   313 | D:1      | Reached XP level 2. HP: 23/27 MP: 1/1
  1148 | D:2      | Reached XP level 3. HP: 23/33 MP: 2/2
  1498 | D:2      | Noticed Terence
  1518 | D:2      | Slain by Terence

Vault maps used:
D:1:      scummos_arrival_checkerplants
D:2:      uniq_terence

Skill      XL: |  1  2 |
---------------+-------+-----
Fighting       | 4 |  4.0
Axes           | 4 |  4.0
Armour         | 3 |  3.9
Dodging        | |  2.3

Action                   || total
-------------------------++-------
Melee: Hand axe          ||    66
       Headbutt          ||    11
Invok: Berserk           ||     1
  Use: Scroll            ||     2
  Eat: Chunk             ||     2
Armor: Animal skin       ||     6
       Ring mail         ||    12
Dodge: Dodged            ||    35

Table legend:
 A = Spawn XP
 B = Non-spawn XP
 C = Spawn XP percentage of total XP
 D = Spawn monster count
 E = Non-spawn monster count
 F = Spawn count percentage of total count
 G = Total turns spent on level
                    A         B        C        D         E        F      G
               +---------+---------+-------+---------+---------+-------+---------
         Total |       0 |      62 |   0.0 |       0 |      24 |   0.0 |  1518
               +---------+---------+-------+---------+---------+-------+---------
           D:1 |       0 |      24 |   0.0 |       0 |      12 |   0.0 |   941
           D:2 |       0 |      38 |   0.0 |       0 |      12 |   0.0 |   577
               +---------+---------+-------+---------+---------+-------+---------
